 Dungeon Crawl Stone Soup version 0.30.0-10-gfe55d96785 (webtiles) character file.

Game seed: 13842052889438085532

618 croobank the Firebug (level 7, 0/51 HPs)
             Began as a Gnoll Fire Elementalist on May 15, 2023.
             Engulfed by a cloud of flame (29 damage)
             ... on level 6 of the Dungeon.
             The game lasted 00:09:53 (4545 turns).

croobank the Firebug (Gnoll Fire Elementalist)      Turns: 4545, Time: 00:09:53

Health: 0/51       AC:  6    Str:  7    XL:     7   Next: 45%
Magic:  10/24      EV: 13    Int: 17    God:
Gold:   99         SH:  0    Dex: 12    Spells: 11/17 levels left

rFire   . . .        m - +3 quarterstaff (chaos)
rCold   . . .        (shield currently unavailable)
rNeg    . . .        e - +0 robe
rPois   .            (no helmet)
rElec   .            n - +2 cloak {rCorr}
rCorr   +            (no gloves)
SInv    .            p - +0 pair of boots
Will    .....        (no amulet)
Stlth   +++          k - ring of magical power
HPRegen 0.28/turn    (no ring)
MPRegen 0.19/turn

%: no passive effects
@: no status effects
A: fangs 1, strong nose, distributed training
a: no special abilities


You were on level 6 of the Dungeon.
You visited 1 branch of the dungeon, and saw 6 of its levels.

You collected 229 gold pieces.
You spent 130 gold pieces at shops.

Inventory:

Hand Weapons
 a - a +0 dagger
 f - a +2 scimitar of holy wrath
 h - a +0 heavy hammer
 i - a +0 short sword
 m - a +3 quarterstaff of chaos (weapon)
 r - a +0 falchion
Missiles
 j - 22 poisoned darts
 u - a boomerang of dispersal
 y - 3 silver javelins
Armour
 c - a +1 leather armour
 e - a +0 robe (worn)
 n - a +2 cloak of preservation (worn)
 p - a +0 pair of boots (worn)
 w - a scarf of invisibility
Jewellery
 k - a ring of magical power (left hand)
 q - a ring of ice
Scrolls
 s - 7 scrolls of identify
 t - 2 scrolls of fog {unknown}
 v - a scroll of vulnerability {unknown}
 x - a scroll of immolation {unknown}
 z - 2 scrolls of blinking {unknown}
Potions
 b - a potion of magic
 d - 2 potions of resistance
 g - a potion of ambrosia
 l - a potion of lignification {unknown}
 o - 3 potions of curing {unknown}
 A - a potion of brilliance {unknown}
 B - a potion of degeneration {unknown}


   Skills:
 + Level 2.6 Fighting
 + Level 2.6 Short Blades
 + Level 2.6 Long Blades
 + Level 2.6 Axes
 + Level 2.6 Maces & Flails
 + Level 2.6 Polearms
 + Level 2.6 Staves
 + Level 2.6 Ranged Weapons
 + Level 2.6 Throwing
 + Level 2.6 Armour
 + Level 5.3 Dodging
 + Level 5.0 Stealth
 + Level 2.6 Shields
 + Level 2.6 Unarmed Combat
 + Level 5.7 Spellcasting
 + Level 3.0 Conjurations
 + Level 2.1 Hexes
 + Level 2.1 Summonings
 + Level 2.1 Necromancy
 + Level 2.1 Translocations
 + Level 2.1 Transmutations
 + Level 5.9 Fire Magic
 + Level 2.1 Ice Magic
 + Level 2.1 Air Magic
 + Level 2.1 Earth Magic
 + Level 2.1 Poison Magic
 + Level 2.9 Invocations
 + Level 2.6 Evocations


You had 11 spell levels left.
You knew the following spells:

 Your Spells              Type           Power      Damage    Failure   Level
a - Foxfire               Conj/Fire      80%        2x1d8     1%          1
b - Scorch                Fire           48%        2d7       1%          2
c - Inner Flame           Hex/Fire       18%        N/A       8%          3

Your spell library contained the following spells:

 Spells                   Type           Power      Damage    Failure   Level
 Volatile Blastmotes      Fire/Tloc      36%        2d13      8%          3
 Ensorcelled Hibernation  Hex/Ice        24%        N/A       9%          2
 Passwall                 Tmut/Erth      10%        N/A       9%          2
 Spider Form              Tmut/Pois      12%        N/A       17%         3
 Swiftness                Air            12%        N/A       17%         3
 Flame Wave               Conj/Fire      20%        2d7       21%         4
 Anguish                  Hex/Necr       6%         N/A       50%         4


Dungeon Overview and Level Annotations

Branches:
Dungeon (6/15)
 Temple: D:4-7

Altars:
Makhleb
Ru
Wu Jian

Shops:
D:5 ?


Innate Abilities, Weirdness & Mutations

You have very sharp teeth.
Your uncanny sense of smell can sniff out nearby items.
Your experience applies equally to all skills.


Message History

The orc warrior is moderately wounded.
Casting: Foxfire (safe; 1% risk of failure)
Confirm with . or Enter, or press ? or * to list all spells.
You conjure some foxfire!
You feel sick.
The foxfire hits the orc warrior but does no damage.
The orc warrior is moderately wounded.
An orc priest comes into view. It is wielding a +0 falchion.
The foxfire hits the orc warrior but does no damage.
The orc warrior is moderately wounded.
Your magical contamination has completely faded away.
Casting: Foxfire (safe; 1% risk of failure)
Confirm with . or Enter, or press ? or * to list all spells.
You conjure some foxfire!
You feel sick.
The foxfire hits the orc warrior but does no damage.
The orc warrior is moderately wounded.
The foxfire hits the orc warrior but does no damage.
The orc warrior is moderately wounded.
Casting: Foxfire (safe; 1% risk of failure)
Confirm with . or Enter, or press ? or * to list all spells.
Flames lash the orc warrior.
The orc warrior is heavily wounded.
The orc warrior's fire resistance burns away.
You feel sick.
You are no longer poisoned.
The foxfire hits the orc warrior but does no damage.
The orc warrior is heavily wounded.
The foxfire hits the orc warrior.
The orc warrior is heavily wounded.
An orc wizard comes into view. It is wielding a +0 trident.
You hit the orc warrior.
The orc warrior is heavily wounded.
The orc warrior closely misses you.
The orc priest calls upon Beogh to heal the orc warrior.
The orc warrior is healed somewhat.
The orc warrior hits you with a +0 long sword.
You barely miss the orc warrior.
The orc warrior is moderately wounded.
You are engulfed in blazing flames.
Ouch! That really hurt!
You die...

#.........##.#..
##.........##.#..
#<.........####.. # #
#..........# ### #. #.
#..........####.)
#..#.###..........##.#.†
#......#.#####.##.##.#..
#.#..#.o.............'##
#.oo.§.@....#####.#.....
...####§####.....#.######
#§# #.###.#.###### #§#
#.###.#.#...(. ###
#...#.#.#.....
.#8#......#.#.#..... ∆
#######...#.#.#..... ∆
##§## #...#.#.#.....
#...#...#.....


You could see an orc warrior (combustible), an orc priest and an orc wizard.

Vanquished Creatures
  A necrophage (D:6)
  3 scorpions
  A howler monkey (D:5)
  Crazy Yiuf (D:2)
  A hound (D:4)
  An orc priest (D:5)
  2 iguanas (D:5)
  An orc wizard (D:6)
  A hound skeleton (D:6)
  2 adders
  4 gnolls (D:3)
  A shadow imp (D:5)
  A white imp (D:5)
  A worm (D:5)
  6 dart slugs
  5 orcs
  7 bats
  3 endoplasms
  2 giant cockroaches
  3 goblins (D:1)
  11 hobgoblins
  5 jackals
  3 quokkas (D:1)
  5 ball pythons
  3 frilled lizards
  9 kobolds
  6 rats
89 creatures vanquished.

Vanquished Creatures (collateral kills)
  3 foxfires (D:1)
3 creatures vanquished.

Vanquished Creatures (others)
  2 orcs (D:6)
  219 foxfires
221 creatures vanquished.

Grand Total: 313 creatures vanquished

Notes
Turn   | Place    | Note
-------+----------+-------------------------------------------
     0 | D:1      | croobank the Gnoll Fire Elementalist began the quest for
                  | the Orb.
     0 | D:1      | Reached XP level 1. HP: 13/13 MP: 6/6
   149 | D:1      | Reached XP level 2. HP: 19/19 MP: 4/7
   287 | D:1      | Learned a level 2 spell: Scorch
   494 | D:1      | Reached skill level 5 in Spellcasting
   494 | D:1      | Reached XP level 3. HP: 25/25 MP: 4/9
   752 | D:1      | Reached skill level 1 in Invocations
  1150 | D:2      | Reached skill level 1 in Fighting
  1150 | D:2      | Reached skill level 1 in Short Blades
  1150 | D:2      | Reached skill level 1 in Long Blades
  1150 | D:2      | Reached skill level 1 in Axes
  1150 | D:2      | Reached skill level 1 in Maces & Flails
  1150 | D:2      | Reached skill level 1 in Polearms
  1150 | D:2      | Reached skill level 1 in Staves
  1150 | D:2      | Reached skill level 1 in Ranged Weapons
  1150 | D:2      | Reached skill level 1 in Throwing
  1150 | D:2      | Reached skill level 1 in Armour
  1150 | D:2      | Reached skill level 1 in Shields
  1150 | D:2      | Reached skill level 1 in Unarmed Combat
  1150 | D:2      | Reached skill level 1 in Evocations
  1155 | D:2      | Learned a level 3 spell: Inner Flame
  1173 | D:2      | You fall into a shaft and drop 1 floor!
  1560 | D:2      | Found a runed translucent door.
  1561 | D:2      | Noticed Crazy Yiuf
  1570 | D:2      | Killed Crazy Yiuf
  1571 | D:2      | Reached skill level 1 in Hexes
  1571 | D:2      | Reached skill level 1 in Summonings
  1571 | D:2      | Reached skill level 1 in Necromancy
  1571 | D:2      | Reached skill level 1 in Translocations
  1571 | D:2      | Reached skill level 1 in Transmutations
  1571 | D:2      | Reached skill level 1 in Ice Magic
  1571 | D:2      | Reached skill level 1 in Air Magic
  1571 | D:2      | Reached skill level 1 in Earth Magic
  1571 | D:2      | Reached skill level 1 in Poison Magic
  1571 | D:2      | Reached XP level 4. HP: 10/32 MP: 11/11
  1976 | D:3      | Reached XP level 5. HP: 37/37 MP: 12/12
  2910 | D:4      | Found an ornate altar of the Wu Jian Council.
  3068 | D:4      | Reached XP level 6. HP: 44/44 MP: 13/13
  3537 | D:5      | Entered Level 5 of the Dungeon
  3574 | D:5      | Reached skill level 5 in Dodging
  3672 | D:5      | Found Roudaiti's Magic Scroll Shoppe.
  3685 | D:5      | Bought a scroll of identify for 26 gold pieces
  3685 | D:5      | Bought a scroll of identify for 26 gold pieces
  3685 | D:5      | Bought a scroll of identify for 26 gold pieces
  3685 | D:5      | Bought a scroll of identify for 26 gold pieces
  3685 | D:5      | Bought a scroll of identify for 26 gold pieces
  4008 | D:5      | Reached XP level 7. HP: 40/51 MP: 15/15
  4240 | D:6      | Found a sacrificial altar of Ru.
  4303 | D:6      | Found a burning altar of Makhleb.
  4536 | D:6      | Reached skill level 5 in Stealth
  4545 | D:6      | Engulfed by a cloud of flame

Illustrated notes

Levels and vault maps discovered:
D:1:      eino_arrival_druids_welcome, layout_rooms,
          minmay_misc_feat_secret_circle
D:2:      layout_basic, uniq_crazy_yiuf_cottage
D:3:      layout_loops_ring
D:4:      layout_loops_ring, nicolae_wu_jian_wuxing_cycle
D:5:      layout_basic, serial_shops, nicolae_square_shop
D:6:      layout_basic, makhleb_blood_cavern_becter,
          nicolae_ru_great_annihilating_truth, lemuel_flamethrower_2,
          uniq_prince_ribbit1

Skill      XL: |  1  2  3  4  5  6  7 |
---------------+----------------------+-----
Conjurations   | 2 3 |  3.0
Spellcasting   | 5 |  5.7
Invocations    | 1 2 |  2.9
Fighting       | 1 2 |  2.6
Short Blades   | 1 2 |  2.6
Long Blades    | 1 2 |  2.6
Axes           | 1 2 |  2.6
Maces & Flails | 1 2 |  2.6
Polearms       | 1 2 |  2.6
Staves         | 1 2 |  2.6
Ranged Weapons | 1 2 |  2.6
Throwing       | 1 2 |  2.6
Armour         | 1 2 |  2.6
Shields        | 1 2 |  2.6
Unarmed Combat | 1 2 |  2.6
Evocations     | 1 2 |  2.6
Hexes          | 1 2 |  2.1
Summonings     | 1 2 |  2.1
Necromancy     | 1 2 |  2.1
Translocations | 1 2 |  2.1
Transmutations | 1 2 |  2.1
Ice Magic      | 1 2 |  2.1
Air Magic      | 1 2 |  2.1
Earth Magic    | 1 2 |  2.1
Poison Magic   | 1 2 |  2.1
Dodging        | 5 |  5.3
Stealth        | 5 |  5.0
Fire Magic     | |  5.9

Action                     |  1- 3 |  4- 6 |  7- 9 || total
---------------------------+-------+-------+-------++-------
  Melee: Unarmed           |     6 |       |       ||     6
         Dagger            |     4 |     1 |       ||     5
         Quarterstaff      |       |    28 |    13 ||    41
         Bite              |       |     1 |     3 ||     4
   Cast: Foxfire           |    71 |    48 |    11 ||   130
         Scorch            |     7 |    30 |     7 ||    44
    Use: Scroll            |       |     5 |       ||     5
   Stab: Sleeping          |     6 |     3 |       ||     9
         Invisible         |       |       |     1 ||     1
         Paralysed         |       |       |     1 ||     1
 Armour: Robe              |     1 |     8 |     6 ||    15
  Dodge: Dodged            |    10 |    25 |    10 ||    45
